 Dungeon Crawl Stone Soup version 0.31.0-32-g396128a36d (webtiles) character file.

Game seed: 16096355081038056300

93151 Lunarhour the Warrior (level 15, -21/152 HPs)
             Began as a Minotaur Berserker on Apr 7, 2024.
             Was a High Priest of Trog.
             Killed from afar by a storm dragon (41 damage)
             ... with a bolt of lightning
             ... on level 4 of the Depths.
             The game lasted 01:35:56 (19133 turns).

Lunarhour the Warrior (Minotaur Berserker)         Turns: 19133, Time: 01:35:56

Health: -21/152    AC: 38    Str: 35    XL:     15   Next: 59%
Magic:  14/14      EV: 11    Int:  4    God:    Trog [*****.]
Gold:   726        SH:  0    Dex: 14    Spells: 14/14 levels left

rFire   + . .        I - +6 broad axe (drain)
rCold   . . .        (no shield)
rNeg    . . .        N - +4 crystal plate armour
rPois   .            A - +2 hat
rElec   .            W - +0 cloak
rCorr   .            D - +1 Delatra's gloves {ID++}
SInv    .            d - +0 pair of boots
Will    ++...        x - amulet "Zinijaf" {rF+ Regen+ Dex+4} Stlth
                     B - ring of willpower
HPRegen 1.25/turn    L - +6 ring of strength
MPRegen 0.14/turn

%: no passive effects
@: on berserk cooldown, hasted and slowed, studying Fighting
A: horns 2, retaliatory headbutt
a: Renounce Religion, Berserk, Trog's Hand, Brothers in Arms


You were on level 4 of the Depths.
You worshipped Trog.
Trog was extremely pleased with you.
You visited 2 branches of the dungeon, and saw 18 of its levels.
You also visited: Bailey.

You collected 1636 gold pieces.
You spent 910 gold pieces at shops.

Inventory:

Hand Weapons
 h - a +2 hand axe of flaming
 I - a +6 broad axe of draining (weapon)
 R - a +1 battleaxe of draining
 Z - a +2 battleaxe of freezing
Armour
 d - a +0 pair of boots (worn)
 e - a +0 leather armour
 w - the +3 cloak of the Jolly Gods {Harm rC+ Slay+2}
   (You found it on level 4 of the Dungeon)

   Slay+2:    It affects your accuracy & damage with ranged weapons and melee
   (+2).
   rC+:       It protects you from cold.
   Harm:      It increases damage dealt and taken.
 A - a +2 hat (worn)
 D - the +1 Delatra's gloves (worn) {ID++}
   (You found it on level 5 of the Dungeon)

   ID++:      It heals its wearer when they drink unknown potions, and restores
   their MP when they read unknown scrolls.
 N - a +4 crystal plate armour (worn)
 T - the +1 chain mail of the Lion {-Cast +Blink Int-3 SInv}
   (You bought it in a shop on level 10 of the Dungeon)

   Int-3:     It affects your intelligence (-3).
   SInv:      It lets you see invisible.
   +Blink:    It lets you blink.
   -Cast:     It prevents spellcasting.
 W - a +0 cloak (worn)
Jewellery
 f - an amulet of the acrobat
 i - a ring of poison resistance
 x - the amulet "Zinijaf" (around neck) {rF+ Regen+ Dex+4}
   (You took it off a vampire on level 12 of the Dungeon)

   [amulet of regeneration]

   Dex+4:     It affects your dexterity (+4).
   rF+:       It protects you from fire.
   Regen+:    It increases your rate of health regeneration.
 z - a ring of protection from fire
 B - a ring of willpower (left hand)
 L - a +6 ring of strength (right hand)
 O - a ring of protection from cold
 S - a +6 ring of strength
Wands
 m - a wand of roots (15)
 p - a wand of light (9)
 u - a wand of digging (7)
 E - a wand of mindburst (18)
 F - a wand of flame (16)
 V - a wand of polymorph (10)
 Y - a wand of charming (12)
Scrolls
 b - 6 scrolls of teleportation
 j - a scroll of identify
 o - a scroll of poison
 q - a scroll of immolation
 s - 3 scrolls of blinking
 t - a scroll of fog
 y - 4 scrolls of revelation
 G - 5 scrolls of fear
 J - 2 scrolls of summoning
 Q - a scroll of torment {unknown}
 U - a scroll of acquirement {unknown}
Potions
 a - 4 potions of mutation
 c - a potion of enlightenment {unknown}
 g - 3 potions of might {unknown}
 k - a potion of resistance {unknown}
 l - 4 potions of lignification
 n - 2 potions of curing
 r - a potion of heal wounds
 v - a potion of ambrosia
 K - a potion of magic {unknown}
 M - a potion of degeneration {unknown}
 P - a potion of berserk rage {unknown}
 X - a potion of experience {unknown}


   Skills:
 + Level 19.5 Fighting
 + Level 18.6 Axes
 + Level 18.4 Armour
 - Level 10.0 Dodging


You had 14 spell levels left.
You didn't know any spells.
Your spell library was empty.

Dungeon Overview and Level Annotations

Branches:
Dungeon (15/15)            Temple (0/1) D:4            Lair (0/5) D:11
 Vaults (0/5) D:13         Depths (2/4) D:15         Bailey (visited)
    Orc: D:9-12

Altars:
Cheibriados
Elyvilon
Qazlal
Wu Jian

Shops:
D:1 =   D:8 (   D:10 [   D:11 *?

Portals:
Hell: Depths:1 Depths:4
Pandemonium: Depths:1

Annotations:
D:7 1 runed translucent door, Crazy Yiuf
D:15 exclusion: orange crystal statue


Innate Abilities, Weirdness & Mutations

You have a pair of horns on your head.
You reflexively headbutt those who attack you in melee.


Message History

Trog accepts your kill.
Items here: [[ ††.
You slice the storm dragon like a ripe choko!!!
You drain the storm dragon!! Your headbutt misses the storm dragon.
The storm dragon is severely wounded.
You are no longer berserk.
You are exhausted.
You feel yourself slow down. The storm dragon bites you.
* * * LOW HITPOINT WARNING * * *
The storm dragon claws you.
* * * LOW HITPOINT WARNING * * *
The storm dragon tramples you but does no damage.
You feel much better.
The storm dragon bites you but does no damage.
The storm dragon claws you but does no damage.
The storm dragon tramples you but does no damage.
A stone giant comes into view.
The storm dragon bites you!
* * * LOW HITPOINT WARNING * * *
The storm dragon closely misses you. The storm dragon barely misses you.
You feel better.
The storm dragon breathes lightning at you.
The bolt of lightning hits you.
* * * LOW HITPOINT WARNING * * *
The storm dragon barely misses you.
The storm dragon claws you but does no damage.
The storm dragon tramples you.
* * * LOW HITPOINT WARNING * * *
You stumble backwards!
You hear a roar!
You hear a deafening roar! x2; You hear a shout! x4
You hear an angry growl.
You hear two shouts!
You feel yourself speed up.
The storm dragon bites you but does no damage.
The storm dragon claws you but does no damage.
The storm dragon tramples you but does no damage.
The stone giant enters a dispersal trap!
The storm dragon blinks!
You blink.
The stone giant blinks!
The storm dragon breathes lightning at you.
The bolt of lightning hits you!!!
You die...

.........## .
#..........###.
#............. #
#...........# .##.
#... .......###....
#....##......#.....
#....#†............
##.....†.[......(...
.......[.[..@.......
.........[.§........
........≈§.§........
##......§D≈.§.......
#.....§≈§≈.........
##...........C.....
...∩....$..........
...................
...............


You could see a storm dragon (catching breath, drained) and a stone giant.

Vanquished Creatures
  A quicksilver dragon (Depths:4)
  A tengu reaver (Depths:1)
  A storm dragon (Depths:1)
  Kirke (D:13)
  2 fire giants (Depths:1)
  3 frost giants
  An ironbound preserver (D:13)
  3 stone giants (Depths:1)
  A vampire knight (Depths:2)
  3 spark wasps (Depths:1)
  4 ettins
  3 rakshasas
  2 fire dragons
  2 vault guards (Bailey)
  An ogre mage (D:13)
  A catoblepas (D:13)
  11 centaur warriors
  2 deep troll shamans
  3 boulder beetles
  2 deep troll earth magi (Depths:4)
  6 two-headed ogres
  6 tengu warriors
  A spriggan berserker (Depths:1)
  3 iron trolls
  A soul eater (D:9)
  12 skeletal warriors
  A sixfirhy (Depths:1)
  Lodul (D:10)
  A shadow demon (Depths:1)
  7 deep trolls
  An arcanist (D:14)
  A phantasmal warrior (D:12)
  4 deep elf pyromancers
  4 harpies (D:12)
  7 ugly things
  2 necromancers (D:12)
  2 wolf spiders (D:12)
  A meliai (shapeshifter) (D:15)
  8 meliai
  A smoke demon (Depths:1)
  6 gargoyles (D:12)
  2 efreet
  2 komodo dragons
  A komodo dragon (shapeshifter) (D:13)
  7 freezing wraiths (D:12)
  2 kobold demonologists (D:12)
  2 tengu conjurers
  A yaktaur (shapeshifter) (D:14)
  A red devil (D:9)
  4 trolls
  A hellwing (D:9)
  A hornet (D:10)
  6 harpy zombies (D:12)
  Prince Ribbit (Bailey)
  3 centaur simulacra
  10 slime creatures
  A ynoxinul (D:9)
  A water elemental (Depths:1)
  2 wyverns (D:11)
  21 yaks
  7 vampires
  2 hogs (D:13)
  3 basilisks
  6 humans (Bailey)
  14 vampire mosquitoes
  A redback (D:12)
  2 steam dragons (D:7)
  A water moccasin (D:9)
  An acid dragon (D:12)
  An ice beast (D:7)
  A black bear (D:7)
  4 orc warriors
  2 laughing skulls (D:14)
  A sky beast (D:7)
  12 centaurs
  9 ogres
  3 kobold brigands
  A gnoll sergeant (D:7)
  3 scorpions
  13 bullfrogs
  10 killer bees
  3 howler monkeys
  2 bombardier beetles (D:5)
  2 hounds
  4 quasits (D:9)
  4 orc priests
  A jelly (D:7)
  A gnoll bouda (D:6)
  6 iguanas
  11 orc wizards
  8 gnolls
  8 adders
  A shadow imp (D:6)
  2 white imps
  An ufetubus (D:6)
  A ribbon worm (D:13)
  A dart slug (D:2)
  60 orcs
  5 bats
  6 endoplasms
  4 giant cockroaches
  8 hobgoblins
  3 quokkas
  7 ball pythons
  7 frilled lizards
  7 goblins
  12 kobolds
  4 rats
469 creatures vanquished.

Vanquished Creatures (collateral kills)
  A glowing orange brain (Depths:1)
  A meliai (D:12)
  A troll (D:13)
  A centaur (D:11)
4 creatures vanquished.

Vanquished Creatures (others)
  A blizzard demon (Depths:1)
1 creature vanquished.

Grand Total: 474 creatures vanquished

Notes
Turn   | Place    | Note
-------+----------+-------------------------------------------
     0 | D:1      | Lunarhour the Minotaur Berserker began the quest for the
                  | Orb.
     0 | D:1      | Reached XP level 1. HP: 19/19 MP: 0/0
    70 | D:1      | Found Guodem's Jewellery Emporium.
   155 | D:1      | Reached XP level 2. HP: 23/27 MP: 1/1
   400 | D:1      | Reached skill level 4 in Fighting
   959 | D:2      | Reached ** piety under Trog
   982 | D:2      | Reached XP level 3. HP: 33/33 MP: 2/2
  1342 | D:3      | Reached XP level 4. HP: 36/41 MP: 3/3
  1406 | D:3      | Reached skill level 5 in Fighting
  1423 | D:3      | Reached XP level 5. HP: 48/48 MP: 4/4
  1452 | D:3      | Reached skill level 5 in Axes
  1800 | D:4      | Reached *** piety under Trog
  2297 | D:4      | Found a staircase to the Ecumenical Temple.
  2302 | D:4      | Reached XP level 6. HP: 56/56 MP: 5/5
  2319 | D:4      | Found an ornate altar of the Wu Jian Council.
  2319 | D:4      | Found a stormy altar of Qazlal.
  2341 | D:4      | Identified the +3 cloak of the Jolly Gods {Harm rC+ Slay+2}
  2699 | D:5      | Entered Level 5 of the Dungeon
  2766 | D:5      | Reached skill level 6 in Fighting
  2766 | D:5      | Reached skill level 5 in Armour
  2841 | D:5      | Reached XP level 7. HP: 60/64 MP: 6/6
  3021 | D:5      | Identified the +3 dagger of Zaprut {heavy, rF++}
  3107 | D:5      | Identified the +4 whip of Eternal Harmony {flame, rPois
                  | Str+2 Dex-4}
  3368 | D:5      | Reached **** piety under Trog
  3380 | D:5      | Reached skill level 7 in Fighting
  3522 | D:5      | Found the +1 Delatra's gloves {ID++}
  4209 | D:6      | You fall into a shaft and drop 1 floor!
  4322 | D:7      | Noticed a yak
  4344 | D:7      | Killed a yak
  4345 | D:7      | Reached XP level 8. HP: 46/74 MP: 7/7
  4471 | D:7      | Reached skill level 8 in Fighting
  4623 | D:7      | Reached skill level 9 in Fighting
  4765 | D:7      | Found a flagged portal.
  4768 | D:7      | Reached XP level 9. HP: 83/83 MP: 8/8
  4773 | Bailey   | Entered a bailey
  4917 | Bailey   | Noticed a vault guard
  4917 | Bailey   | Noticed Prince Ribbit
  4933 | Bailey   | Killed Prince Ribbit
  4934 | Bailey   | Reached skill level 10 in Fighting
  4937 | Bailey   | Killed a vault guard
  4938 | Bailey   | Reached skill level 10 in Axes
  4938 | Bailey   | Reached skill level 10 in Armour
  5003 | Bailey   | Noticed a vault guard
  5021 | Bailey   | Killed a vault guard
  5022 | Bailey   | Reached XP level 10. HP: 55/94 MP: 9/9
  5211 | Bailey   | Reached skill level 11 in Fighting
  6540 | D:7      | Found a runed translucent door.
  6541 | D:7      | Noticed Crazy Yiuf
  6899 | D:8      | Identified the +8 falchion of a Million Curses {venom, rF+
                  | Will+ rCorr}
  7039 | D:8      | Noticed a two-headed ogre
  7050 | D:8      | Killed a two-headed ogre
  7154 | D:8      | Found Yhoomek's Weapon Boutique.
  8158 | D:9      | Noticed a soul eater
  8159 | D:9      | Reached skill level 12 in Fighting
  8187 | D:9      | Killed a soul eater
  8194 | D:9      | Reached XP level 11. HP: 55/101 MP: 10/10
  9006 | D:9      | Reached skill level 5 in Dodging
  9110 | D:10     | Entered Level 10 of the Dungeon
  9168 | D:10     | Noticed a two-headed ogre
  9368 | D:10     | Killed a two-headed ogre
  9562 | D:10     | Found a white marble altar of Elyvilon.
  9845 | D:10     | Noticed Lodul
  9849 | D:10     | Killed Lodul
  9866 | D:10     | Reached skill level 13 in Fighting
 10017 | D:10     | Found Guwkolez's Armour Emporium.
 10022 | D:10     | Bought the +1 chain mail of the Lion {-Cast +Blink Int-3
                  | SInv} for 187 gold pieces
 10261 | D:11     | Found Yliuxal's General Store.
 10269 | D:11     | Bought a potion of heal wounds for 65 gold pieces
 10269 | D:11     | Bought a scroll of identify for 26 gold pieces
 10350 | D:11     | Noticed a two-headed ogre
 10359 | D:11     | Killed a two-headed ogre
 10532 | D:11     | Noticed a two-headed ogre
 10548 | D:11     | Killed a two-headed ogre
 10609 | D:11     | Noticed a brown ugly thing
 10622 | D:11     | Killed a brown ugly thing
 10623 | D:11     | Reached XP level 12. HP: 85/115 MP: 11/11
 10918 | D:11     | Found Koajatyl's Magic Scroll Emporium.
 10957 | D:11     | Bought a scroll of blinking for 120 gold pieces
 10957 | D:11     | Bought a scroll of brand weapon for 152 gold pieces
 10957 | D:11     | Bought 2 scrolls of enchant weapon for 240 gold pieces
 10957 | D:11     | Bought a scroll of enchant armour for 120 gold pieces
 11002 | D:11     | Found a staircase to the Lair.
 11165 | D:12     | Noticed a centaur warrior
 11179 | D:12     | Killed a centaur warrior
 11385 | D:12     | Noticed a centaur warrior
 11397 | D:12     | Killed a centaur warrior
 11398 | D:12     | Reached skill level 14 in Fighting
 11782 | D:12     | Noticed a two-headed ogre
 12228 | D:12     | Killed a two-headed ogre
 12542 | D:12     | Reached XP level 13. HP: 115/125 MP: 12/12
 12691 | D:12     | Reached ***** piety under Trog
 12805 | D:12     | Reached skill level 15 in Fighting
 13104 | D:12     | Reached skill level 15 in Axes
 13531 | D:12     | Reached skill level 10 in Dodging
 13632 | D:12     | Reached skill level 15 in Armour
 14328 | D:12     | Identified the amulet "Zinijaf" {rF+ Regen+ Dex+4}
 14914 | D:13     | Noticed Kirke
 14957 | D:13     | Killed Kirke
 14957 | D:13     | Received a gift from Trog
 15077 | D:13     | Reached skill level 16 in Fighting
 15147 | D:13     | Noticed an ironbound preserver
 15326 | D:13     | Found a gate to the Vaults.
 15353 | D:13     | Killed an ironbound preserver
 15384 | D:13     | Found a snail-covered altar of Cheibriados.
 15571 | D:13     | Reached XP level 14. HP: 123/137 MP: 13/13
 16598 | D:15     | Entered Level 15 of the Dungeon
 16880 | D:15     | Found a staircase to the Depths.
 17007 | D:15     | Received a gift from Trog
 17008 | D:15     | Reached skill level 17 in Fighting
 17797 | Depths:1 | Entered Level 1 of the Depths
 17823 | Depths:1 | Noticed a red very ugly thing
 17840 | Depths:1 | Noticed a red very ugly thing
 17866 | Depths:1 | Noticed a stone giant
 17871 | Depths:1 | Killed a stone giant
 17925 | Depths:1 | Found a gateway to Hell.
 18035 | Depths:1 | Noticed a frost giant
 18035 | Depths:1 | Noticed a fire giant
 18078 | Depths:1 | Found a one-way gate leading to the halls of Pandemonium.
 18094 | Depths:1 | Noticed a frost giant
 18113 | Depths:1 | Killed a frost giant
 18216 | Depths:1 | Noticed a tengu reaver
 18223 | Depths:1 | Killed a tengu reaver
 18227 | Depths:1 | Noticed a fire giant
 18245 | Depths:1 | Killed a fire giant
 18247 | Depths:1 | Noticed a storm dragon
 18248 | Depths:1 | Noticed a stone giant
 18248 | Depths:1 | Noticed a stone giant
 18253 | Depths:1 | Killed a stone giant
 18259 | Depths:1 | Killed a storm dragon
 18270 | Depths:1 | Killed a stone giant
 18271 | Depths:1 | Reached XP level 15. HP: 96/149 MP: 14/14
 18287 | Depths:1 | Reached skill level 18 in Fighting
 18416 | Depths:1 | Noticed a fire giant
 18424 | Depths:1 | Killed a fire giant
 18841 | Depths:2 | Noticed a frost giant
 18890 | Depths:2 | Killed a frost giant
 18979 | Depths:2 | Noticed a frost giant
 18987 | Depths:2 | Killed a frost giant
 18988 | Depths:2 | Reached skill level 19 in Fighting
 19087 | Depths:2 | You fall into a shaft and drop 2 floors!
 19087 | Depths:4 | Entered Level 4 of the Depths
 19089 | Depths:4 | Noticed a frost giant
 19110 | Depths:4 | Noticed a quicksilver dragon
 19121 | Depths:4 | HP: 9/228 [quicksilver dragon/bolt of dispelling energy
                  | (12)]
 19122 | Depths:4 | Killed a quicksilver dragon
 19125 | Depths:4 | Noticed a storm dragon
 19128 | Depths:4 | HP: 7/152 [storm dragon (2)]
 19133 | Depths:4 | Killed from afar by a storm dragon

Illustrated notes

Levels and vault maps discovered:
D:1:      co_arrival_random_square_maze, layout_basic, serial_shops,
          nicolae_lakefront_shop, minmay_indecisive_spiral
D:2:      layout_rooms
D:3:      layout_rooms
D:4:      layout_basic, chequers_temple_overflow_statue_of_worship,
          minmay_temple_entry_drinking_statues, lexackson_kobold_supper
D:5:      layout_basic, grunt_decor_mini_mirrors, pf_guarded_unrand_delatra
D:6:      layout_loops_ring, minmay_misc_feat_enclosed
D:7:      layout_layer_cave, enter_bailey_2, nrook_loot_triangle,
          uniq_crazy_yiuf_cottage
D:8:      layout_layer_cave, serial_shops, shop
D:9:      layout_basic, serial_demonic, serial_demonic_f, serial_demonic_c,
          serial_demonic_c, serial_demonic_e
D:10:     layout_basic, elyvilon_altar_5, serial_shops, shop_statue, uniq_lodul
D:11:     layout_small_grid, david_lair_shrubbed, orc_0_dummy, serial_shops,
          nicolae_shop_tiny_glass, shop
D:12:     bobbens_index_wilting_gardens, layout_basic
D:13:     layout_irregular_city, skrybe_vaults_entry_preservation, slow_altar_2,
          uniq_kirke
D:14:     layout_gridville, hangedman_decor_lopped
D:15:     hangedman_depths_entry_civil_slaughter, layout_irregular_city,
          grunt_decor_junction, serial_shops, statue_bzr, grunt_ministairs_7
Depths:1: layout_big_octagon, serial_library_hellmonk_layered_room,
          hangedman_coc_ice_floe, rand_demon_pan_entry_3,
          minmay_misc_feat_nine_boxes, st_stairs_1, statue_in_the_mist_lemuel,
          grunt_potential, serial_bayou_shore_b
Depths:2: nzn_winding_woodlands_large [nzn_winding_woodlands_5x5_cross,
          nzn_winding_woodlands_5x15_pool, nzn_winding_woodlands_5x5_open_star,
          nzn_winding_woodlands_center_diamonds,
          nzn_winding_woodlands_15x15_five_gardens,
          nzn_winding_woodlands_center_garden, nzn_winding_woodlands_hourglass,
          nzn_winding_woodlands_5x15_twine,
          nzn_winding_woodlands_5x5_perimeter], layout_gridlike, pan_entry,
          hell_entry, minmay_staircase_windowed_small
Depths:4: evilmike_zot_entry_hall, layout_cave_pools, enter_ziggurat_f,
          hell_entry, amcnicky_mini_rare_corridor_liquid, grunt_ministairs_15,
          zin_academy, serial_bayou_shore_b

Skill      XL: |  1  2  3  4  5  6  7  8  9 10 11 12 13 14 15 |
---------------+----------------------------------------------+-----
Axes           | 4 5 6 7 8 10 11 13 14 16 17 18 | 18.6
Fighting       | 4 5 6 7 9 10 12 13 14 16 17 19 | 19.5
Armour         | 3 4 5 7 8 10 11 13 14 15 17 18 | 18.4
Dodging        | 4 7 9 10 | 10.0

Action                     |  1- 3 |  4- 6 |  7- 9 | 10-12 | 13-15 || total
---------------------------+-------+-------+-------+-------+-------++-------
  Melee: Hand axe          |    72 |    96 |       |       |       ||   168
         Headbutt          |    10 |    17 |    33 |   115 |   151 ||   326
         Punch             |       |     2 |     1 |     9 |     7 ||    19
         War axe           |       |    22 |   158 |     3 |       ||   183
         Broad axe         |       |       |    14 |   476 |   588 ||  1078
  Throw: Throwing net      |       |       |       |     1 |       ||     1
 Invoke: Berserk           |     1 |     1 |     6 |     3 |     4 ||    15
         Trog's Hand       |       |     1 |       |     2 |       ||     3
         Brothers in Arms  |       |       |       |     1 |     6 ||     7
    Use: Scroll            |       |     4 |     3 |    14 |    16 ||    37
         Potion            |       |       |       |     3 |    11 ||    14
   Stab: Distracted        |       |       |       |       |     1 ||     1
 Armour: Animal skin       |     5 |       |       |       |       ||     5
         Chain mail        |    34 |    66 |   135 |    16 |       ||   251
         Plate armour      |       |       |       |    70 |       ||    70
         Crystal plate arm |       |       |       |   376 |   698 ||  1074
  Dodge: Dodged            |    39 |    67 |    69 |   284 |   337 ||   796
